[Event "Pan-American Team-ch 2024"]
[Site "McAllen"]
[Date "2024.01.05"]
[Round "2.11"]
[White "Andersen, Gunnar"]
[Black "Budisavljevic, Luka"]
[Result "0-1"]
[ECO "A08"]
[WhiteElo "2157"]
[BlackElo "2475"]
[Annotator "RC"]
[PlyCount "134"]
[EventDate "2024.01.05"]
[EventType "team-tourn"]
[EventCountry "USA"]
[SourceTitle "playchess.com"]
[Source "ChessBase"]
[SourceQuality "1"]
[TimeControl "5400+30"]

1. Nf3 d5 2. g3 c5 3. Bg2 e6 4. O-O Nf6 5. d3 Be7 6. a4 Nc6 7. Bf4 O-O 8. e4 b6 9. exd5 Nxd5 10. Ne5 Bb7 11. Nc3 Ndb4 12. d4 cxd4 13. Nb5 Bc5 14. c3 dxc3 15. bxc3 Nd5 16. c4 Nxf4 17. gxf4 Nxe5 18. Bxb7 Rb8 19. Bg2 Nxc4 20. Qe2 Na5 21. Qe5 a6 22. Rad1 Qh4 23. Nc7 Rbd8 24. Rxd8 Qxd8 25. Nxa6 Bd4 26. Qe4 Qd7 27. Nb4 Bc5 28. Nd3 Bd4 29. Nb4 Rd8 30. Nc6 Nxc6 31. Qxc6 Qxc6 32. Bxc6 Bc5 33. Kg2 Rd4 34. Kf3 Bd6 35. Ke3 Bc5 36. Kf3 Bd6 37. Ke3 Rc4 38. Bb5 Bxf4+ 39. Kf3 Rd4 40. h3 g6 41. Re1 Bd6 42. Re4 Rxe4 43. Kxe4 f5+ 44. Kd3 Kf7 45. Kc4 Ke7 46. Bc6 Bc7 47. Kb5 Kd6 48. Bb7 Bd8 49. f3 g5 50. Bc8 h5 51. Kc4 Ke5 52. Kd3 Be7 53. Ke2 Ba3 54. Bd7 Bc1 55. Bc8 Bf4 56. Bd7 g4 57. fxg4 hxg4 58. hxg4 fxg4 59. Kd3 Kd5 60. Bc8 Bd6 61. Ke3 Bh2 62. Kd3 Bf4 63. Kc3 Bg5 64. Kd3 Bc1 65. Kc3 Ke4 66. Kc4 Bd2 67. Bxe6 g3 0-1

[Event "Pan-American Team-ch 2024"]
[Site "McAllen"]
[Date "2024.01.05"]
[Round "2.12"]
[White "Stearman, Josiah"]
[Black "Daniels, Jason"]
[Result "1-0"]
[ECO "B23"]
[WhiteElo "2455"]
[BlackElo "1931"]
[Annotator "RC"]
[PlyCount "47"]
[EventDate "2024.01.05"]
[EventType "team-tourn"]
[EventCountry "USA"]
[SourceTitle "playchess.com"]
[Source "ChessBase"]
[SourceQuality "1"]
[TimeControl "5400+30"]

1. e4 c5 2. Nc3 a6 3. g3 b5 4. Bg2 Bb7 5. d3 Nc6 6. f4 d6 7. Nf3 g6 8. O-O Bg7 9. a4 Nd4 10. Nxd4 cxd4 11. Ne2 f5 12. g4 Qd7 13. gxf5 gxf5 14. Ng3 fxe4 15. Qh5+ Kd8 16. dxe4 e6 17. axb5 axb5 18. Rxa8+ Bxa8 19. f5 e5 20. f6 Bxf6 21. Bg5 Bxg5 22. Rf8+ Kc7 23. Qxg5 h6 24. Qd2 1-0

[Event "Pan-American Team-ch 2024"]
[Site "McAllen"]
[Date "2024.01.06"]
[Round "3.1"]
[White "Gledura, Benjamin"]
[Black "Gazik, Viktor"]
[Result "1/2-1/2"]
[ECO "A19"]
[WhiteElo "2633"]
[BlackElo "2567"]
[Annotator "RC"]
[PlyCount "53"]
[EventDate "2024.01.05"]
[EventType "team-tourn"]
[EventCountry "USA"]
[SourceTitle "playchess.com"]
[Source "ChessBase"]
[SourceQuality "1"]
[TimeControl "5400+30"]

1. c4 Nf6 2. Nc3 e6 3. e4 c5 4. e5 Ng8 5. Nf3 Nc6 6. d4 cxd4 7. Nxd4 Nxe5 8. Ndb5 a6 9. Nd6+ Bxd6 10. Qxd6 f6 11. Be3 Ne7 12. Bb6 Nf5 13. Qb4 Nc6 14. Qc5 d6 15. Bxd8 dxc5 16. Bb6 Ne5 17. Bxc5 Bd7 18. Be2 Rc8 19. b4 Bc6 20. f3 Kf7 21. O-O h5 22. Rac1 g5 23. Bb6 Be8 24. Ne4 Bc6 25. Nc3 Be8 26. Ne4 Bc6 27. Nc3 1/2-1/2

[Event "Pan-American Team-ch 2024"]
[Site "McAllen"]
[Date "2024.01.06"]
[Round "3.2"]
[White "Dudin, Gleb"]
[Black "Hakobyan, Aram"]
[Result "1/2-1/2"]
[ECO "E06"]
[WhiteElo "2533"]
[BlackElo "2616"]
[Annotator "RC"]
[PlyCount "74"]
[EventDate "2024.01.05"]
[EventType "team-tourn"]
[EventCountry "USA"]
[SourceTitle "playchess.com"]
[Source "ChessBase"]
[SourceQuality "1"]
[TimeControl "5400+30"]

1. c4 Nf6 2. Nf3 e6 3. g3 d5 4. Bg2 Be7 5. d4 O-O 6. Nc3 Nc6 7. Ne5 Nxe5 8. dxe5 Nd7 9. cxd5 Nxe5 10. O-O exd5 11. Nxd5 Bd6 12. Qc2 c6 13. Nc3 Qe7 14. Rd1 Rd8 15. Bf4 Be6 16. Ne4 Bf5 17. Qb3 Bxe4 18. Bxe4 Bc5 19. Qc2 Ng4 20. Bxh7+ Kh8 21. e3 g5 22. Bf5 gxf4 23. Bxg4 fxe3 24. Qc3+ Kg8 25. fxe3 Qg5 26. Bf3 Re8 27. Re1 Re6 28. Kg2 Bxe3 29. Qb3 Rae8 30. Qxb7 Bb6 31. Rxe6 Qd2+ 32. Re2 Rxe2+ 33. Bxe2 Qxe2+ 34. Kh3 Qh5+ 35. Kg2 Qe2+ 36. Kh3 Qh5+ 37. Kg2 Qe2+ 1/2-1/2

[Event "Pan-American Team-ch 2024"]
[Site "McAllen"]
[Date "2024.01.06"]
[Round "3.3"]
[White "Quesada Perez, Yasser"]
[Black "Beradze, Irakli"]
[Result "1-0"]
[ECO "C54"]
[WhiteElo "2578"]
[BlackElo "2507"]
[Annotator "TA"]
[PlyCount "111"]
[EventDate "2024.01.05"]
[EventType "team-tourn"]
[EventCountry "USA"]
[SourceTitle "playchess.com"]
[Source "ChessBase"]
[SourceQuality "1"]
[TimeControl "5400+30"]

1. e4 e5 2. Nf3 Nc6 3. Bc4 Bc5 4. c3 Nf6 5. d3 d6 6. O-O O-O 7. h3 h6 8. Re1 a6 9. Bb3 Ba7 10. Nbd2 Re8 11. Nf1 Be6 12. Bc2 {C54: Giuoco Piano: 4 c3 Nf6, main lines with 5 d4 and 5 d3.} (12. Bxe6 {simplifies} Rxe6 13. Be3 Bxe3 14. Nxe3 Qd7 15. Qc2) 12... d5 13. exd5 Bxd5 {13...Bxd5 scores better than 13...Nxd5.} 14. Ng3 {The position is equal.} Qd7 15. Be3 (15. b4 {looks sharper.} Rad8 16. a4 b5 17. Be3) 15... Bxe3 16. Rxe3 Re7 {[#]} ({Black should try} 16... Rad8 $11) 17. Nd2 $5 $146 {[%mdl 8] New and interesting.} (17. Nh4 $14) ({Predecessor:} 17. Qd2 Rae8 18. Nh4 g6 19. Rae1 Kg7 20. d4 e4 21. f3 Bxa2 22. fxe4 Ne5 23. b3 c5 24. Ngf5+ gxf5 25. Nxf5+ Kh7 26. R3e2 Nf3+ 27. gxf3 Rg8+ 28. Rg2 {1-0 So,W (2773)-Sjugirov,S (2696) Titled Tuesday intern op 05th Jul Early blitz 2022 (10)}) 17... Be6 $11 18. Nh5 Nxh5 19. Qxh5 Bf5 20. Rae1 Bg6 21. Qh4 Rae8 22. Rg3 Qf5 (22... Kh7 $11) 23. Ne4 $14 Kh8 24. Bd1 Qe6 25. Bb3 Qd7 {[#] This costs Black the game.} (25... Qc8 $14) 26. Nf6 $1 $18 {[%mdl 576] Deflection, Double Attack} Qd6 (26... Qd8 27. Nxe8) 27. Nxe8 Rxe8 28. Qg4 {[%cal Ob3f7] Bxf7! is the strong threat.} Qf8 29. Bd5 Nd8 30. Rge3 Qd6 31. Be4 Re6 32. Rg3 c5 33. h4 {Threatens to win with h5.} h5 34. Qf3 Bxe4 35. dxe4 ({Less strong is} 35. Rxe4 g6 36. Re1 Kh7 $16) 35... g6 36. Rd1 Qb6 37. Qe3 {Hoping for Qg5.} Kg7 {[#]} 38. b4 $1 Qc7 (38... Re7 39. bxc5) 39. Qxc5 (39. bxc5 Rf6 40. Qg5 Ne6 41. Qxh5 Qxc5 $18) 39... Rc6 40. Qe3 Ne6 41. Qd2 Nf4 42. Re3 Rf6 43. Kh2 Qc8 44. Qd7 Qc4 45. Qe8 {White threatens Rd8 and mate.} ({Not} 45. Qxb7 Qxa2 46. Rf3 Qe2 $18) 45... Ne6 {Dodges Rd8} 46. Qb8 Rxf2 (46... Qxa2 $142 47. Qxe5 Qxf2) 47. Qxe5+ Kh7 48. Qg3 {Repels Nf4} Rf4 49. Rd7 {[%cal Bd1d7,Bd7e7,Be7f7][%mdl 32] Black must now prevent Rf3.} Qc6 50. Re7 Rg4 51. Rxf7+ Kg8 52. Qf2 {And now g3 would win.} g5 53. Qf5 Qd6+ 54. e5 Rxh4+ 55. Rh3 (55. Kg3 $142 Rg4+ 56. Qxg4 hxg4 57. exd6 Kxf7 58. Kxg4) 55... Rxh3+ 56. Kxh3 {[%emt 1:51:48] Weighted Error Value: White=0.18 (very precise) /Black=0.44} 1-0

[Event "Pan-American Team-ch 2024"]
[Site "McAllen"]
[Date "2024.01.06"]
[Round "3.4"]
[White "Rodrigue-Lemieux, Shawn"]
[Black "Harsha Bharathakoti"]
[Result "1-0"]
[ECO "B31"]
[WhiteElo "2502"]
[BlackElo "2565"]
[Annotator "RC"]
[PlyCount "97"]
[EventDate "2024.01.05"]
[EventType "team-tourn"]
[EventCountry "USA"]
[SourceTitle "playchess.com"]
[Source "ChessBase"]
[SourceQuality "1"]
[TimeControl "5400+30"]

1. e4 c5 2. Nf3 Nc6 3. Bb5 g6 4. Bxc6 dxc6 5. d3 Bg7 6. h3 Qc7 7. Nc3 e5 8. Be3 b6 9. a4 a5 10. Nd2 Nf6 11. Nc4 Be6 12. Qd2 Nh5 13. b3 Nf4 14. f3 h5 15. g3 Bxc4 16. bxc4 Ne6 17. Ne2 f5 18. Rb1 O-O 19. O-O f4 20. Bf2 Bh6 21. Kg2 Bg5 22. g4 hxg4 23. hxg4 Kg7 24. Qc3 Rh8 25. Qb2 Rab8 26. Rh1 Rxh1 27. Rxh1 Bf6 28. Rb1 Nd4 29. Nxd4 exd4 30. Be1 Be5 31. Bh4 Bf6 32. Bxf6+ Kxf6 33. Rh1 Kg7 34. Qb1 Rh8 35. Rxh8 Kxh8 36. Qh1+ Kg7 37. Qh4 b5 38. cxb5 cxb5 39. axb5 a4 40. b6 Qxb6 41. Qe7+ Kg8 42. Qe8+ Kg7 43. Qxa4 Qb1 44. Qa7+ Kh6 45. Qxc5 Qc1 46. Qxd4 Qxc2+ 47. Kh3 Kh7 48. Qd7+ Kh6 49. g5+ 1-0

[Event "Pan-American Team-ch 2024"]
[Site "McAllen"]
[Date "2024.01.06"]
[Round "3.5"]
[White "Schitco, Ivan"]
[Black "Bok, Benjamin"]
[Result "1/2-1/2"]
[ECO "E08"]
[WhiteElo "2521"]
[BlackElo "2621"]
[Annotator "RC"]
[PlyCount "54"]
[EventDate "2024.01.05"]
[EventType "team-tourn"]
[EventCountry "USA"]
[SourceTitle "playchess.com"]
[Source "ChessBase"]
[SourceQuality "1"]
[TimeControl "5400+30"]

1. d4 Nf6 2. c4 e6 3. g3 Bb4+ 4. Bd2 Be7 5. Bg2 d5 6. Nf3 O-O 7. O-O Nbd7 8. Qc2 c6 9. Bf4 a5 10. Rd1 h6 11. Nc3 dxc4 12. Nd2 Nb6 13. e4 a4 14. a3 Bd7 15. h3 Re8 16. Be5 Qc8 17. Bxf6 Bxf6 18. e5 Be7 19. Nce4 c5 20. dxc5 Bxc5 21. Nxc4 Nxc4 22. Nxc5 Qxc5 23. Rxd7 Rad8 24. Qxa4 Nxb2 25. Rxd8 Rxd8 26. Qb4 Qxe5 27. Re1 Qf6 1/2-1/2

[Event "Pan-American Team-ch 2024"]
[Site "McAllen"]
[Date "2024.01.06"]
[Round "3.7"]
[White "Daggupati, Balaji"]
[Black "Kevlishvili, Robby"]
[Result "1-0"]
[ECO "C92"]
[WhiteElo "2486"]
[BlackElo "2531"]
[Annotator "ChessBase"]
[PlyCount "101"]
[EventDate "2024.01.05"]
[EventType "team-tourn"]
[EventCountry "USA"]
[SourceTitle "playchess.com"]
[Source "ChessBase"]
[SourceQuality "1"]
[TimeControl "5400+30"]

1. e4 e5 2. Nf3 Nc6 3. Bb5 a6 4. Ba4 Nf6 5. O-O Be7 6. Re1 b5 7. Bb3 d6 8. c3 O-O 9. h3 Bb7 10. d4 Re8 11. Ng5 Rf8 12. Nf3 Re8 13. Nbd2 Bf8 14. d5 Nb8 15. Nf1 Nbd7 16. Ng3 h6 17. Nh2 c6 18. dxc6 Bxc6 19. Ng4 Nc5 20. Bc2 Ncd7 21. Be3 d5 22. exd5 Bxd5 23. Nh5 Nxg4 24. Qxg4 Be6 25. Qg3 Kh8 26. Rad1 Qe7 27. Qf3 Rad8 28. Ng3 g6 29. Ne4 Bg7 30. Nd6 Rf8 31. Qb7 Rb8 32. Qc7 Kh7 33. Bb3 Bxb3 34. axb3 Qe6 35. Ne4 Nf6 36. Rd6 Qf5 37. Nxf6+ Bxf6 38. g4 Qf3 39. Qc6 Qxc6 40. Rxc6 Bg7 41. Rxa6 Rfd8 42. b4 Rb7 43. Kf1 f5 44. gxf5 gxf5 45. f4 e4 46. Ke2 Kg8 47. Rg1 Kf7 48. Rgg6 Rbd7 49. Rgb6 Rd1 50. Rb7+ Kf8 51. Bd4 1-0

[Event "Pan-American Team-ch 2024"]
[Site "McAllen"]
[Date "2024.01.06"]
[Round "3.8"]
[White "Batsuren, Dambasuren"]
[Black "Rahul Srivatshav P"]
[Result "0-1"]
[ECO "A62"]
[WhiteElo "2528"]
[BlackElo "2454"]
[Annotator "RC"]
[PlyCount "84"]
[EventDate "2024.01.05"]
[EventType "team-tourn"]
[EventCountry "USA"]
[SourceTitle "playchess.com"]
[Source "ChessBase"]
[SourceQuality "1"]
[TimeControl "5400+30"]

1. d4 Nf6 2. c4 g6 3. g3 Bg7 4. Bg2 O-O 5. Nc3 d6 6. Nf3 c5 7. d5 e6 8. O-O exd5 9. cxd5 Re8 10. Bf4 Na6 11. Re1 Bg4 12. h3 Bxf3 13. Bxf3 Nd7 14. Bg2 Ne5 15. Ne4 b5 16. g4 Qe7 17. Bg5 f6 18. Bh4 Qf8 19. a4 bxa4 20. f4 Nc4 21. Qd3 Ne3 22. Qxe3 f5 23. Rxa4 fxe4 24. Qd2 e3 25. Qc1 Nc7 26. Qc4 a5 27. Rf1 Bf6 28. Be1 Reb8 29. g5 Bd4 30. Bxa5 Nb5 31. b3 Bg7 32. Be1 Nd4 33. Rxa8 Rxa8 34. Be4 Ra1 35. f5 Qe7 36. Bg2 Qxg5 37. fxg6 hxg6 38. b4 Be5 39. bxc5 Rxe1 40. Rxe1 Qf4 41. Qc1 Qh2+ 42. Kf1 Nf5 0-1

[Event "Pan-American Team-ch 2024"]
[Site "McAllen"]
[Date "2024.01.06"]
[Round "3.9"]
[White "Oparin, Grigoriy"]
[Black "Liang, Awonder"]
[Result "1/2-1/2"]
[ECO "D38"]
[WhiteElo "2664"]
[BlackElo "2640"]
[Annotator "RC"]
[PlyCount "55"]
[EventDate "2024.01.05"]
[EventType "team-tourn"]
[EventCountry "USA"]
[SourceTitle "playchess.com"]
[Source "ChessBase"]
[SourceQuality "1"]
[TimeControl "5400+30"]

1. d4 Nf6 2. c4 e6 3. Nc3 Bb4 4. Nf3 O-O 5. Bg5 d5 6. cxd5 exd5 7. e3 h6 8. Bh4 c5 9. dxc5 g5 10. Bg3 Ne4 11. Rc1 Qa5 12. a3 Bxc3+ 13. bxc3 Nc6 14. Bd3 Bg4 15. Qc2 Qxa3 16. Bxe4 dxe4 17. Nd2 Rfe8 18. O-O Be2 19. Nxe4 Bxf1 20. Nf6+ Kg7 21. Nxe8+ Rxe8 22. Rxf1 Qxc5 23. c4 Kg8 24. Rb1 Na5 25. h4 Qxc4 26. Qxc4 Nxc4 27. Rxb7 a6 28. Rc7 1/2-1/2

[Event "Pan-American Team-ch 2024"]
[Site "McAllen"]
[Date "2024.01.06"]
[Round "3.10"]
[White "Balakrishnan, Praveen"]
[Black "Antipov, Mikhail Al."]
[Result "1/2-1/2"]
[ECO "C65"]
[WhiteElo "2483"]
[BlackElo "2604"]
[Annotator "RC"]
[PlyCount "101"]
[EventDate "2024.01.05"]
[EventType "team-tourn"]
[EventCountry "USA"]
[SourceTitle "playchess.com"]
[Source "ChessBase"]
[SourceQuality "1"]
[TimeControl "5400+30"]

1. e4 e5 2. Nf3 Nc6 3. Bb5 Nf6 4. d3 Bc5 5. Bxc6 dxc6 6. c3 Bg4 7. h3 Bxf3 8. Qxf3 Qd7 9. O-O O-O 10. Nd2 Rad8 11. Nb3 Bb6 12. Rd1 Ne8 13. Be3 f5 14. Bxb6 axb6 15. d4 fxe4 16. Qxe4 Nd6 17. Qxe5 Rde8 18. Qh5 Rf5 19. Qh4 Re4 20. Qg3 Re2 21. Rd2 Re6 22. Qd3 Rg6 23. Kh2 Rfg5 24. Rg1 Nf5 25. Re2 Nh4 26. f4 Rg3 27. Qxg3 Rxg3 28. Kxg3 Qf5 29. Re8+ Kf7 30. Re5 Qf6 31. Rge1 Nf5+ 32. Kh2 Qg6 33. Nd2 Qg3+ 34. Kg1 g6 35. R5e4 Kg7 36. Nf1 Qd3 37. g4 Nd6 38. Re7+ Kf8 39. R1e3 Qb1 40. Rxc7 Ne4 41. Rc8+ Kf7 42. Rc7+ Kf8 43. Kg2 Qxb2+ 44. Kf3 Nxc3 45. Rc8+ Kf7 46. Rc7+ Kf8 47. Rxb7 Nd5 48. Rb8+ Kf7 49. Rb7+ Kf8 50. Rb8+ Kf7 51. Rb7+ 1/2-1/2

[Event "Pan-American Team-ch 2024"]
[Site "McAllen"]
[Date "2024.01.06"]
[Round "3.11"]
[White "Raja Harshit"]
[Black "Chandran, Kapil"]
[Result "1/2-1/2"]
[ECO "B48"]
[WhiteElo "2508"]
[BlackElo "2352"]
[Annotator "RC"]
[PlyCount "53"]
[EventDate "2024.01.05"]
[EventType "team-tourn"]
[EventCountry "USA"]
[SourceTitle "playchess.com"]
[Source "ChessBase"]
[SourceQuality "1"]
[TimeControl "5400+30"]

1. e4 c5 2. Nf3 e6 3. d4 cxd4 4. Nxd4 Nc6 5. Nc3 Qc7 6. Be3 a6 7. Qf3 Nxd4 8. Bxd4 Ne7 9. Qe3 b5 10. Bd3 Rb8 11. O-O Nc6 12. Nd5 exd5 13. exd5+ Ne7 14. a4 f6 15. axb5 axb5 16. Rfe1 Kf7 17. Bc5 d6 18. Ra7 Rb7 19. Rxb7 Qxb7 20. Bxd6 Qd7 21. Qc5 Ng6 22. Bxf8 Rxf8 23. Bxb5 Qg4 24. Bf1 Ne5 25. h3 Qg5 26. Re3 Qf5 27. c4 1/2-1/2

[Event "Pan-American Team-ch 2024"]
[Site "McAllen"]
[Date "2024.01.06"]
[Round "3.12"]
[White "Ehsani, Yassamin"]
[Black "Stearman, Josiah"]
[Result "0-1"]
[ECO "E58"]
[WhiteElo "2101"]
[BlackElo "2455"]
[Annotator "RC"]
[PlyCount "60"]
[EventDate "2024.01.05"]
[EventType "team-tourn"]
[EventCountry "USA"]
[SourceTitle "playchess.com"]
[Source "ChessBase"]
[SourceQuality "1"]
[TimeControl "5400+30"]

1. d4 Nf6 2. c4 e6 3. Nf3 b6 4. e3 Bb7 5. Nc3 Bb4 6. a3 Bxc3+ 7. bxc3 O-O 8. Bd3 c5 9. Qe2 d5 10. O-O Nc6 11. Bb2 Re8 12. Rfd1 Na5 13. Ne5 Qc7 14. Rac1 Rac8 15. f3 Nd7 16. cxd5 c4 17. Be4 Nxe5 18. dxe5 Qxe5 19. d6 Red8 20. Bxb7 Nxb7 21. Rd4 Rxd6 22. Rcd1 Rcd8 23. Qxc4 Qxe3+ 24. Kh1 Nc5 25. a4 e5 26. Bc1 Rxd4 27. cxd4 Qb3 28. Qe2 Qxa4 29. Bb2 exd4 30. Rxd4 Rxd4 0-1

[Event "Pan-American Team-ch 2024"]
[Site "McAllen"]
[Date "2024.01.08"]
[Round "4.1"]
[White "Sorokin, Aleksey"]
[Black "Oparin, Grigoriy"]
[Result "0-1"]
[ECO "E45"]
[WhiteElo "2555"]
[BlackElo "2664"]
[Annotator "TA"]
[PlyCount "76"]
[EventDate "2024.01.05"]
[EventType "team-tourn"]
[EventCountry "USA"]
[TimeControl "5400+30"]

1. d4 Nf6 2. c4 e6 3. Nc3 Bb4 4. e3 b6 5. Nge2 Ba6 6. Ng3 O-O $1 {[%mdl 4] is currently scoring better than 6...Bxc3+.} 7. e4 Nc6 8. Bg5 {E45: Nimzo-Indian: Rubinstein: 4...b6 5 Ne2 Ba6.} h6 9. h4 {[%cal Oe4e5] e5! would be deadly.} e5 {[%cal Oe5d4] Strongly threatening ...exd4!} 10. d5 {The position is equal.} Nd4 11. a3 {[#]} Bc5 $146 ({Predecessor:} 11... Be7 12. Nf5 Nxf5 13. exf5 d6 14. Bxf6 Bxf6 15. Ne4 Bc8 16. Qf3 Bxh4 17. Bd3 Bg5 {0-1 Sarana,A (2668)-Artemiev,V (2701) Titled Tuesday intern op 17th Jan Late blitz 2023 (11)}) 12. b4 Be7 {[#]} 13. Nf5 $1 Re8 (13... Nxf5 {simplifies} 14. exf5 Bc8 15. Be3 d6) 14. Be3 c5 15. b5 (15. Nxe7+ {simplifies} Qxe7 16. Rb1 Nh7 17. Bd3) 15... Bc8 16. g4 d6 17. g5 Bxf5 18. exf5 e4 $1 19. Bg2 (19. Bxd4 cxd4 20. Qxd4 (20. gxf6 $2 Bxf6 21. Nb1 d3 $19) 20... Nd7 $16) 19... Nd7 $2 ({Better is} 19... Nxf5 $1 $11 20. gxf6 Bxf6) 20. Bxe4 $16 (20. gxh6 $6 Nxf5 21. hxg7 (21. Nxe4 Bxh4 22. Kd2 Nf6 $17) (21. Bxe4 $2 Nxe3 22. fxe3 Bf6 $19) 21... Bf6 $11) 20... Ne5 (20... hxg5 $2 21. hxg5 Bxg5 22. Qh5 $18) 21. Rg1 (21. gxh6 $18 Bf6 22. Qh5) 21... hxg5 $14 22. hxg5 Bxg5 23. Bxg5 (23. Rxg5 $16 Nef3+ 24. Bxf3 Qxg5 25. Be4 Rxe4 26. Nxe4 Qxf5 27. Nxd6) 23... Nef3+ $11 24. Kf1 Nh2+ $1 {Excellent horsemanship.} (24... Nxg5 25. Qg4 Nb3 26. Rd1 $18) 25. Kg2 Qxg5+ 26. Kxh2 Qh4+ 27. Kg2 {And now Rh1 would win.} Rxe4 28. Nxe4 Qxe4+ 29. Kh3 $2 {[%mdl 8192] [#]} (29. Kf1 $11 {and White is okay.}) 29... Ne2 $1 $19 ({Weaker is} 29... Qxf5+ 30. Qg4 $11) 30. f6 (30. Qf1 $142 Re8 31. Kh2) 30... Qf5+ (30... Nxg1+ $2 31. Qxg1 Qh7+ 32. Kg2 $19) 31. Kg2 Qg5+ (31... Nxg1 $2 {perishes.} 32. Qxg1 Qg4+ 33. Kh1 Qf3+ 34. Qg2 Qxf6 35. Re1 $19) 32. Kh2 Nxg1 $2 ({Not} 32... Qxg1+ 33. Qxg1 Nxg1 34. Rxg1 $11) (32... Qh5+ 33. Kg2 Re8) 33. Qxg1 Qxf6 {KQR-KQR} 34. Rc1 $2 (34. Qf1 g6 35. Kg1) 34... Qh4+ 35. Kg2 Re8 {Prevents Qe1. Black is clearly winning.} 36. Re1 (36. Rc3 $142 Re2 37. Qf1 Qe4+ 38. Kh2) 36... Re4 37. Rxe4 Qxe4+ 38. Kh3 Qh7+ {[%emt 0:52:12] Quite a comeback for Black. Artfully played by Oparin.   Weighted Error Value: White=0.67/Black=0.52} 0-1

[Event "Pan-American Team-ch 2024"]
[Site "McAllen"]
[Date "2024.01.08"]
[Round "4.2"]
[White "Antipov, Mikhail Al."]
[Black "Khanin, Semen"]
[Result "1/2-1/2"]
[ECO "C54"]
[WhiteElo "2604"]
[BlackElo "2558"]
[Annotator "TA"]
[PlyCount "99"]
[EventDate "2024.01.05"]
[EventType "team-tourn"]
[EventCountry "USA"]
[TimeControl "5400+30"]

1. e4 e5 2. Nf3 Nc6 3. Bc4 Nf6 4. d3 Bc5 5. O-O d6 6. c3 a6 7. a4 {7.Re1 is a critical line. C54: Giuoco Piano: 4 c3 Nf6, main lines with 5 d4 and 5 d3.} Ba7 8. Nbd2 Nh5 9. Nb3 {Threatens to win with Ng5. White has an edge.} Qf6 {[#]} 10. Bg5 $146 ({Predecessor:} 10. Nxe5 Nxe5 11. Qxh5 Bg4 12. Qg5 Be2 13. Qxf6 gxf6 14. Bf4 Nxc4 15. dxc4 Bxc4 16. Nd2 Bxf1 17. Nxf1 {0-1 Vignesh,N (2436)-Wagner,D (2590) Moscow Aeroflot op-A 2020 (5)}) 10... Qg6 11. Be3 Bg4 12. Nbd2 Bd7 (12... Bxe3 {simplifies} 13. fxe3 Nf6 14. Qe1 Qh6) 13. d4 O-O 14. Be2 Nf4 15. Bxf4 exf4 16. Ne1 Ne7 17. Nd3 Qg5 18. Nf3 Qh6 19. Re1 Rae8 20. Nd2 Qg5 {Dodges Bg4} 21. Qb3 Bc8 22. a5 (22. e5 {feels hotter.} Nf5 23. Bf3 c6 24. Ne4) 22... Kh8 23. Bf3 {Strongly threatening e5.} Ng6 24. Qd5 Qd8 25. Qh5 (25. e5 {simplifies} dxe5 26. Qxd8 Rxd8 27. Nxe5 Nxe5 28. Rxe5 Rfe8 29. Rae1) 25... c5 26. e5 (26. dxc5 dxc5 27. Be2 f5 $15) (26. d5 $11) 26... dxe5 $1 $15 27. Ne4 (27. Nxc5 $2 Bxc5 28. Nc4 Bd6 29. dxe5 Nxe5 30. Nxe5 Rxe5 31. Rxe5 g6 $19) (27. Nxe5 cxd4 28. Ndc4 Nxe5 29. Rxe5 Be6 $17) 27... cxd4 (27... f6 $15 28. Nexc5 (28. Ndxc5 exd4 29. cxd4 Qxd4 $17) 28... exd4 29. cxd4 (29. Nxb7 Bxb7 30. Bxb7 dxc3 $17) (29. Bxb7 dxc3 30. Bxc8 Qxc8 $15) 29... Qxd4) 28. Ng5 $14 {[%csl Gg5][%cal Rh5h7] A dynamic duo of knights.} h6 {[#]} 29. Nxf7+ $40 {[%mdl 192] Remove Defender. Black needs to defend precisely.} Rxf7 30. Be4 {Dodges Bf5} Re6 31. Bxg6 {[%mdl 64] Overworked Piece} Rxg6 32. Nxe5 $1 $18 {[%mdl 64] Double Attack} (32. Qxg6 Rf6 33. Qe4 (33. Nxe5 Rxg6 34. Nf7+ Kh7 $17) 33... Bf5 34. Qxb7 Bxd3 $16) 32... Rff6 {[%cal Oh8h7] ...Kh7! is the strong threat.} 33. Nxg6+ Kh7 34. Ne7 dxc3 35. Rad1 Qf8 {White must now prevent ...Be6.} 36. bxc3 f3 $2 (36... Be6) 37. g3 Be6 {[#]} 38. Rd6 $1 g6 (38... Bc4 39. Rxf6) 39. Qh4 Qxe7 {[#]} 40. Rdxe6 Qxe6 41. Rxe6 Rxe6 {[%cal Re6e1][%mdl 4096] Endgame KQ-KRB} 42. Kf1 {Inhibits Re1+. Qb4 would be deadly.} Re2 (42... Kg7 $142 43. Qb4 Rf6 44. Qxb7+ Rf7) 43. Qb4 $1 Rxf2+ 44. Ke1 Be3 45. Qxb7+ (45. Qe7+ Kg8 $11) 45... Kg8 46. Qd5+ (46. Qxa6 Re2+ 47. Kf1 Rf2+ 48. Ke1 Re2+ 49. Kf1 Rf2+ 50. Ke1 $11) 46... Kf8 47. Qd6+ $2 (47. g4 Re2+ 48. Kd1) 47... Kf7 {[#]} 48. Qd7+ $2 ({Not} 48. Qxa6 Re2+ 49. Kf1 Rf2+ 50. Ke1 Re2+ 51. Kf1 Rf2+ 52. Ke1 $11) (48. h4 $1 $18) 48... Kf6 $11 49. Qd6+ $2 (49. Qd8+ $11 Ke6 50. g4 (50. Qe8+ Kd5 $11)) 49... Kf7 $18 {[%emt 1:49:51] [#]} 50. Qd7+ $2 {[%emt 1:55:30] An exciting game.   Weighted Error Value: White=0.31/Black=0.39} ({And not} 50. Qxa6 Re2+ 51. Kf1 Rf2+ 52. Ke1 Re2+ 53. Kf1 Rf2+ 54. Ke1 $11) (50. h4 $1 $18) 1/2-1/2

[Event "Pan-American Team-ch 2024"]
[Site "McAllen"]
[Date "2024.01.08"]
[Round "4.3"]
[White "Matviishen, Viktor"]
[Black "Budisavljevic, Luka"]
[Result "1-0"]
[ECO "A70"]
[WhiteElo "2555"]
[BlackElo "2475"]
[Annotator "TA"]
[PlyCount "53"]
[EventDate "2024.01.05"]
[EventType "team-tourn"]
[EventCountry "USA"]
[TimeControl "5400+30"]

1. d4 Nf6 2. c4 e6 3. Nc3 c5 4. d5 exd5 5. cxd5 d6 6. e4 g6 7. h3 Bg7 8. Nf3 O-O 9. Be3 b5 {A70: Modern Benoni: 6 e4 g6 7 Nf3.} 10. e5 ({Don't play} 10. Nxb5 Nxe4 11. Qc2 Qa5+ 12. Nd2 Bf5 $15) 10... dxe5 {[#] Strongly threatening ...b4.} 11. Bxc5 $1 $146 {[%mdl 8] An important novelty.} ({Inferior is} 11. Nxb5 e4 12. Nd2 Nxd5 13. Bxc5 e3 $17) (11. Bxb5 $14 Nbd7 12. O-O) ({Predecessor:} 11. Bxb5 e4 12. Ne5 Nh5 13. Nc6 Nxc6 14. dxc6 Qa5 15. a4 a6 16. Be2 Nf6 17. O-O {1-0 Sargissian,G (2664)-Indjic,A (2612) FIDE Grand Swiss 2021 (5)}) 11... Re8 (11... b4 $11 12. Bxb4 Re8) 12. Bxb5 $16 Nbd7 {[#]} (12... Bd7 $142 13. Be2 Bc8) 13. Be3 $1 {White has more active pieces. The black rooks are badly placed.} Rb8 14. O-O (14. Bxa7 $2 {is the wrong capture.} Rxb5 15. Nxb5 Qa5+ 16. Nc3 Qxa7 $19) 14... a6 15. Bc6 Rxb2 16. Nd2 Rb8 17. Nc4 Qe7 18. Rb1 {Prevents Qb4.} Rd8 {[#]} (18... Rxb1 $142 19. Qxb1 Rf8) 19. Qa4 $1 $18 h6 20. Qa5 g5 $2 {[#]} (20... Rxb1 21. Rxb1 Re8) 21. Bc5 $1 {[%mdl 576] Deflection. White is clearly winning.} Nxc5 (21... Qxc5 22. Qxd8+) 22. Rxb8 Nce4 23. Nxe4 Nxe4 {[#]} 24. d6 $1 Nxd6 25. Nxd6 Qxd6 26. Bb7 Qd7 {[%emt 1:19:14] [#]} 27. Qxd8+ $3 {[%emt 1:08:44][%mdl 576] Remove Defender. White took control after the opening.   Weighted Error Value: White=0.07 (flawless) /Black=0.60} 1-0